 Dungeon Crawl Stone Soup version 0.25-a0-869-g05d4e06 (webtiles) character file.

Game seed: 10479774946662817715, levelgen mode: deterministic

1386 Charmandara the Sneak (level 8, 0/59 HPs)
             Began as a Ghoul Enchanter on May 1, 2020.
             Splashed by a jelly's acid (9 damage)
             ... on level 5 of the Dungeon.
             The game lasted 00:18:36 (6866 turns).

Charmandara the Sneak (Ghoul Enchanter)             Turns: 6866, Time: 00:18:37

Health: 0/59       AC: -2    Str: 12    XL:     8   Next: 67%
Magic:  11/11      EV: 12    Int: 16    God:
Gold:   175        SH:  0    Dex: 13    Spells: 1/12 levels left

rFire    + + .     SeeInvis .   l - +5 trident of Yredelemnul's Envy {vorpal, rElec rF++ rC- Int+4 Dex+4}
rCold    . . .     Gourm    .   (no shield)
rNeg     + + +     Faith    +   a - +2 robe {MR+}
rPois    ∞         Spirit   .   E - +1 helmet
rElec    +         Reflect  .   (no cloak)
rCorr    .         Harm     .   (no gloves)
MR       +....                  (no boots)
Stlth    +++.......             D - amulet of faith {Faith, !P}
HPRegen  0.00/turn              (no ring)
MPRegen  0.12/turn              (no ring)

@: corroded, rotting
A: rotting body, claws 1, carnivore, cold resistance 1, negative energy
resistance 3, inhibited regeneration, torment resistance, unbreathing
a: no special abilities


You were on level 5 of the Dungeon.
You were not hungry.

You visited 1 branch of the dungeon, and saw 6 of its levels.

You collected 175 gold pieces.

Inventory:

Hand Weapons
 l - the +5 trident of Yredelemnul's Envy (weapon) {vorpal, rElec rF++ rC- Int+4 Dex+4}
   (You found it on level 6 of the Dungeon)

   It inflicts extra damage upon your enemies.
   It affects your intelligence (+4).
   It affects your dexterity (+4).
   It greatly protects you from fire.
   It makes you vulnerable to cold.
   It insulates you from electricity.
 x - a +0 trident
   (You found it on level 3 of the Dungeon)
 A - a +2 quarterstaff of speed
   (You found it on level 3 of the Dungeon)
 F - a +2 short sword of venom
   (You found it on level 5 of the Dungeon)
Missiles
 n - 175 stones
 o - 36 sling bullets
 p - 41 poisoned darts (quivered)
 q - 147 arrows
 y - 39 bolts
Armour
 a - a +2 robe of magic resistance (worn)
   (You took it off Dowan on level 5 of the Dungeon)
 k - a +0 ring mail
   (You found it on level 1 of the Dungeon)
 t - a +0 leather armour
   (You took it off an orc on level 3 of the Dungeon)
 z - a +1 chain mail of positive energy
   (You took it off Ijyb on level 4 of the Dungeon)
 E - a +1 helmet (worn)
   (You found it on level 4 of the Dungeon)
Magical Staves
 b - an uncursed staff of wizardry {wiz+, !a}
   (You found it on level 2 of the Dungeon)
Jewellery
 D - an amulet of faith (around neck) {Faith, !P}
   (You found it on level 4 of the Dungeon)
Wands
 u - a wand of scattershot (5)
   (You found it on level 6 of the Dungeon)
 C - a wand of random effects (20)
   (You found it on level 4 of the Dungeon)
Scrolls
 c - a scroll of remove curse
 f - a scroll of teleportation {unknown}
 h - a scroll of fog {unknown}
 i - 2 scrolls of enchant armour
 r - a scroll of magic mapping {unknown}
 s - a scroll of blinking {unknown}
 G - a scroll of enchant weapon
Potions
 e - 8 potions of curing
 g - 2 potions of ambrosia
 j - a potion of resistance
 m - 3 potions of brilliance
 v - a potion of lignification
 w - 2 potions of haste
Comestibles
 d - 11 rations
 B - 2 chunks of flesh {@w0}


   Skills:
 - Level 1.1 Fighting
 - Level 2.0 Short Blades
 * Level 0.1(3.0) Polearms
 - Level 5.0 Staves
 + Level 3.4 Throwing
 - Level 1.7 Dodging
 + Level 6.5 Stealth
 * Level 2.7 Spellcasting
 - Level 4.0 Hexes
 + Level 0.2 Summonings
 - Level 2.0 Ice Magic
 - Level 1.0 Evocations


You had one spell level left.
You knew the following spells:

 Your Spells              Type           Power        Failure   Level  Hunger
a - Ensorcelled Hibernat  Hex/Ice        ##....       9%          2    ##.....
b - Confusing Touch       Hex            ###.....     11%         3    ###....
c - Call Imp              Summ           #.......     26%         2    ##.....
d - Tukima's Dance        Hex            ###.....     11%         3    ###....
v - Corona                Hex            ###....      3%          1    #......

Your spell library contained the following spells:

 Spells                   Type           Power        Failure   Level  Hunger
 Summon Small Mammal      Summ           #...         19%         1    #......
 Summon Guardian Golem    Hex/Summ       #.......     24%         3    ###....
 Dazzling Flash           Conj/Hex       #.....       26%         3    ###....
 Call Canine Familiar     Summ           #.......     47%         3    ###....
 Summon Ice Beast         Ice/Summ       #.......     77%         4    #####..
 Summon Lightning Spire   Summ/Air       #.......     88%         4    #####..


Dungeon Overview and Level Annotations

Branches:
Dungeon (6/15)
 Temple: D:4-7

Altars:
Ru
Trog


Innate Abilities, Weirdness & Mutations

Your body is rotting away.
You thrive on raw meat.
You are immune to poison.
You have sharp fingernails.
You are carnivorous and can eat meat at any time.
Your flesh is cold resistant. (rC+)
You are immune to negative energy. (rN+++)
You do not regenerate when monsters are visible.
You are immune to unholy pain and torment.
You can survive without breathing.


Message History

You barely miss the worker ant.
You are no longer corroded.
The worker ant bites you.
The worker ant bites you but does no damage.
You take 4 damage, and have 41/59 hp.
You barely miss the worker ant. The worker ant barely misses you.
You barely miss the worker ant.
The worker ant bites you but does no damage.
You hit the worker ant.
You kill the worker ant!
There is an open door here.
You see here a worker ant corpse.
You butcher the worker ant corpse.
B - 2 chunks of flesh {@w0}
There is an open door here.
C - a wand of random effects (20) (gained 16 charges)
G - a scroll of enchant weapon You start resting.
Health restored: 59; MP restored: 11
There is an open door here.
Found a stone staircase leading down.
Found a stone staircase leading down.
You open the door.
Found a stone staircase leading up.
There is an open door here.
You open the door.
There is an open door here.
A jelly comes into view.
The jelly quivers.
There is a stone staircase leading down here.
Okay, then.
A worker ant comes into view.
Attack whom?
Aim: a jelly You reach to attack!
You barely miss the jelly. The jelly closely misses you.
Attack whom?
Aim: a jelly You hit the jelly but do no damage.
The acid corrodes you!
Your claws burn!
The jelly hits you but does no damage.
You take 4 damage, and have 55/59 hp.
Unknown command.
Attack whom?
Aim: a jelly You barely miss the jelly.
The jelly barely misses you.
Unknown command.
You hit the jelly.
Your claws burn!
The jelly hits you.
You are splashed with acid!
The jelly completely misses you.
You take 14 damage, and have 41/59 hp.
MASSIVE DAMAGE!!
Attack whom?
Aim: a jelly (lightly wounded)
You hit the jelly.
Your claws burn!
The jelly barely misses you.
You take 3 damage, and have 38/59 hp.
Unknown command.
Attack whom?
Aim: a jelly (moderately wounded)
You hit the jelly but do no damage.
Your claws burn!
The adder zombie bites you. The jelly hits you but does no damage.
You take 2 damage, and have 36/59 hp.
Unknown command.
Attack whom?
Aim: a jelly (moderately wounded)
You hit the jelly.
Your claws burn!
The adder zombie barely misses you. The jelly hits you but does no damage.
You take 5 damage, and have 31/59 hp.
Unknown command.
Attack whom?
Aim: a jelly (heavily wounded)
You barely miss the jelly. The adder zombie bites you.
The jelly closely misses you. The adder zombie bites you.
You take 3 damage, and have 28/59 hp.
Unknown command.
Attack whom?
Aim: a jelly (heavily wounded)
You hit the jelly.
Your claws burn!
The jelly hits you. The acid corrodes you!
You are splashed with acid!
* * * LOW HITPOINT WARNING * * *
The adder zombie barely misses you.
You take 14 damage, and have 14/59 hp.
MASSIVE DAMAGE!!
Unknown command.
Okay, then.
The jelly misses you.
There is a stone staircase leading up here.
The jelly hits you.
* * * LOW HITPOINT WARNING * * *
You are splashed with acid!
* * * LOW HITPOINT WARNING * * *
You climb upwards.
There is a stone staircase leading down here.
You take 11 damage, and have 3/59 hp.
Unknown command.
Unknown command.
Unknown command.
Okay, then.
You feel better. The jelly hits you.
* * * LOW HITPOINT WARNING * * *
The acid corrodes you!
You are splashed with acid!
You die...

....#....#..................#....
....#....#..................#....
....#....#..................'....
....#....'....##......##....#....
...##....##...##########....#..).
...########...##.....['.....#....
......................#.....))...
...............J......#.....#....
................@.....##....#....
...##....##...##......#######....
...##....##...##......##....#....
...##.....#...##########....#....
...#......#....#......'.....#....
...'......#....+......##....#....
...########'####......#####'#....
...##....##...##......#.....#....
.........#....##......##....#....


You could see a jelly.

Vanquished Creatures
  Sigmund (D:4)
  A sky beast (D:5)
  Duvessa (D:5)
  An ice beast (D:6)
  A phantom (D:5)
  A necrophage (D:5)
  An ogre (D:4)
  Dowan (D:5)
  A scorpion (D:5)
  A howler monkey (D:4)
  A crimson imp (D:5)
  A jelly (D:6)
  2 iguanas
  2 bullfrog skeletons
  Ijyb (D:4)
  2 orc wizards (D:5)
  3 worker ants
  2 hound skeletons (D:4)
  9 gnolls
  4 adders
  An adder skeleton (D:2)
  3 worms
  3 leopard geckos
  12 orcs
  6 giant cockroaches
  4 goblins
  5 hobgoblins
  10 kobolds
  3 quokkas
  2 ball pythons
  5 bats
  3 frilled lizards
  6 rats
100 creatures vanquished.

Notes
Turn   | Place    | Note
-------+----------+-------------------------------------------
     0 | D:1      | Charmandara the Ghoul Enchanter began the quest for the
                  | Orb.
     0 | D:1      | Reached XP level 1. HP: 14/14 MP: 2/2
    22 | D:1      | Reached skill level 1 in Short Blades
   210 | D:1      | Reached skill level 1 in Fighting
   210 | D:1      | Reached XP level 2. HP: 14/23 MP: 1/3
   668 | D:1      | Learned a level 2 spell: Ensorcelled Hibernation
  1351 | D:2      | HP: 5/21 [adder (3)]
  1352 | D:2      | Reached skill level 1 in Ice Magic
  1352 | D:2      | Reached XP level 3. HP: 6/26 MP: 1/4
  1713 | D:2      | HP: 6/25 [gnoll/+0 spear (3)]
  1978 | D:2      | Reached skill level 2 in Short Blades
  2499 | D:2      | HP: 6/25 [gnoll/+0 spear (6)]
  2875 | D:3      | Reached skill level 2 in Ice Magic
  2875 | D:3      | Reached XP level 4. HP: 29/33 MP: 2/5
  2883 | D:3      | Reached skill level 4 in Stealth
  2916 | D:3      | Learned a level 3 spell: Confusing Touch
  2983 | D:3      | Reached skill level 2 in Spellcasting
  3170 | D:2      | Reached skill level 1 in Evocations
  3170 | D:2      | Reached XP level 5. HP: 32/40 MP: 7/7
  3829 | D:3      | Learned a level 3 spell: Tukima's Dance
  4299 | D:4      | Reached skill level 1 in Staves
  4441 | D:4      | Noticed an ogre
  4460 | D:4      | Killed an ogre
  4460 | D:4      | Reached skill level 1 in Throwing
  4460 | D:4      | Reached XP level 6. HP: 30/47 MP: 8/8
  4656 | D:4      | Noticed Sigmund
  4657 | D:4      | Noticed Ijyb
  4661 | D:4      | Killed Ijyb
  4662 | D:4      | Killed Sigmund
  4662 | D:4      | Reached skill level 2 in Staves
  4662 | D:4      | Reached skill level 5 in Stealth
  4662 | D:4      | Reached XP level 7. HP: 52/52 MP: 9/9
  4876 | D:4      | Reached skill level 3 in Hexes
  4968 | D:4      | Reached skill level 2 in Throwing
  5415 | D:4      | Reached skill level 3 in Staves
  5582 | D:5      | Entered Level 5 of the Dungeon
  5887 | D:5      | Reached XP level 8. HP: 53/59 MP: 10/10
  5910 | D:5      | Reached skill level 4 in Staves
  5927 | D:5      | Reached skill level 6 in Stealth
  6092 | D:5      | Noticed Duvessa
  6096 | D:5      | Noticed Dowan
  6114 | D:5      | Killed Duvessa
  6114 | D:5      | Reached skill level 3 in Throwing
  6116 | D:5      | Killed Dowan
  6552 | D:6      | Reached skill level 4 in Hexes
  6560 | D:5      | Learned a level 2 spell: Call Imp
  6606 | D:6      | Got a smoking trident
  6607 | D:6      | Identified the +5 trident of Yredelemnul's Envy {vorpal,
                  | rElec rF++ rC- Int+4 Dex+4} (You found it on level 6 of the
                  | Dungeon)
  6654 | D:6      | Reached skill level 5 in Staves
  6658 | D:6      | Found a sacrificial altar of Ru.
  6663 | D:6      | Found a bloodstained altar of Trog.
  6853 | D:6      | HP: 14/59 [acid (8)]
  6864 | D:6      | HP: 11/59 [jelly (3)]
  6864 | D:6      | HP: 3/59 [acid (8)]
  6866 | D:5      | Splashed by a jelly's acid

Levels and vault maps discovered:
D:1:      elethiomel_arrival_shortcut, layout_loops_ring,
          hangedman_decor_growths
D:2:      layout_rooms, serial_forest, infiniplex_forest_straight_1,
          infiniplex_forest_lined_corner, infiniplex_forest_lined_ring,
          infiniplex_forest_zigzag_1, infiniplex_forest_end_1,
          infiniplex_forest_clump_small, infiniplex_forest_zigzag_2,
          infiniplex_forest_clump_C, minmay_pentomino_p2
D:3:      layout_basic, first_ration
D:4:      layout_gridville, minmay_distorted, uniq_sigmund, uniq_ijyb
D:5:      layout_gridville, uniq_duvessa
D:6:      kennysheep_orc_sif_temple, layout_gridville,
          grunt_temple_overflow_cloverleaf, minmay_temple_entry_glass

Skill      XL: |  1  2  3  4  5  6  7  8 |
---------------+-------------------------+-----
Short Blades   | 1 2 |  2.0
Fighting       | 1 |  1.1
Ice Magic      | 1 2 |  2.0
Stealth        | 4 5 6 |  6.5
Spellcasting   | 2 |  2.7
Evocations     | 1 |  1.0
Staves         | 1 2 3 5 |  5.0
Throwing       | 1 2 3 |  3.4
Hexes          | 3 4 |  4.0
Polearms       | |  0.1
Dodging        | |  1.7
Summonings     | |  0.2

Action                   |  1- 3 |  4- 6 |  7- 9 || total
-------------------------+-------+-------+-------++-------
Melee: Dagger            |   118 |    57 |       ||   175
       Quarterstaff      |       |    26 |   160 ||   186
       Trident           |       |       |    20 ||    20
Throw: Dart              |       |     4 |     9 ||    13
 Cast: Corona            |     6 |       |     1 ||     7
       Ensorcelled Hiber |    16 |    14 |     2 ||    32
       Confusing Touch   |       |     1 |     1 ||     2
       Tukima's Dance    |       |       |     1 ||     1
Evoke: Wand              |       |    12 |    23 ||    35
  Use: Scroll            |       |     6 |     6 ||    12
       Potion            |       |       |     1 ||     1
 Stab: Sleeping          |    14 |    10 |     5 ||    29
       Paralysed         |       |       |     2 ||     2
       Confused          |       |       |     2 ||     2
  Eat: Chunk             |     9 |     5 |     9 ||    23
Armor: Robe              |     9 |    10 |    16 ||    35
Dodge: Dodged            |    69 |    44 |    91 ||   204

Table legend:
 A = Non-vault XP
 B = Vault XP
 C = Vault XP percentage of total XP
 D = Non-vault monster count
 E = Vault monster count
 F = Vault count percentage of total count
                 A         B        C        D         E       F
            +---------+---------+-------+---------+---------+-------
      Total |    1443 |     538 |  27.2 |      93 |       7 |   7.0
            +---------+---------+-------+---------+---------+-------
        D:1 |      24 |       0 |   0.0 |      15 |       0 |   0.0
        D:2 |      98 |       2 |   2.0 |      19 |       1 |   5.0
        D:3 |     103 |       0 |   0.0 |      25 |       0 |   0.0
        D:4 |     282 |     328 |  53.8 |      11 |       4 |  26.7
        D:5 |     730 |     208 |  22.2 |      20 |       2 |   9.1
        D:6 |     206 |       0 |   0.0 |       3 |       0 |   0.0
            +---------+---------+-------+---------+---------+-------

Levels and vault maps discovered:
D:1:      elethiomel_arrival_shortcut, layout_loops_ring,
          hangedman_decor_growths
D:2:      layout_rooms, serial_forest, infiniplex_forest_straight_1,
          infiniplex_forest_lined_corner, infiniplex_forest_lined_ring,
          infiniplex_forest_zigzag_1, infiniplex_forest_end_1,
          infiniplex_forest_clump_small, infiniplex_forest_zigzag_2,
          infiniplex_forest_clump_C, minmay_pentomino_p2
D:3:      layout_basic, first_ration
D:4:      layout_gridville, minmay_distorted, uniq_sigmund, uniq_ijyb
D:5:      layout_gridville, uniq_duvessa
D:6:      kennysheep_orc_sif_temple, layout_gridville,
          grunt_temple_overflow_cloverleaf, minmay_temple_entry_glass

Table legend:
 A = Turns spent in this place as a percentage of turns spent in the entire game.
 B = Non-inter-level travel turns spent in this place as a percentage of non-inter-level travel turns spent in the entire game.
 C = Inter-level travel turns spent in this place as a percentage of turns spent in this place.
 D = Turns resting spent in this place as a percentage of non-inter-level travel turns spent in this place.
 E = Turns spent auto-exploring this place as a percentage of non-inter-level travel turns spent in this place.
 F = Non-inter-level travel turns spent in this place divided by the number of levels of this place that you've seen.
                   A       B       C       D       E      F
               +-------+-------+-------+-------+-------+----------------------
         Total | 100.0 | 100.0 |   3.5 |  35.0 |  42.9 | 1104.8
       Dungeon | 100.0 | 100.0 |   3.5 |  35.0 |  42.9 | 1104.8
               +-------+-------+-------+-------+-------+----------------------

Table legend:
 A = Kills in this place as a percentage of kills in entire the game.
 B = Kills by you in this place as a percentage of kills by you in the entire game.
 C = Kills by friends in this place as a percentage of kills by friends in the entire game.
 D = Other kills in this place as a percentage of other kills in the entire game.
 E = Experience gained in this place as a percentage of experience gained in the entire game.
 F = Experience gained in this place divided by the number of levels of this place that you have seen.
                   A       B       C       D       E      F
               +-------+-------+-------+-------+-------+----------------------
         Total | 100.0 | 100.0 |   N/A |   N/A | 100.0 | 330.2
       Dungeon | 100.0 | 100.0 |   N/A |   N/A | 100.0 | 330.2
               +-------+-------+-------+-------+-------+----------------------
